 Dungeon Crawl Stone Soup version 0.31.0-11-ge490571c62 (webtiles) character file.

Game seed: 820384204949228160

222 horus123 the Grave Robber (level 5, -3/35 HPs)
             Began as a Mummy Necromancer on Feb 3, 2024.
             Incinerated by a bombardier beetle (7 damage)
             ... with a burning spray
             ... on level 3 of the Dungeon.
             The game lasted 00:06:01 (2588 turns).

horus123 the Grave Robber (Mummy Necromancer)       Turns: 2588, Time: 00:06:02

Health: -3/35      AC:  5    Str: 11    XL:     5   Next: 66%
Magic:  7/12       EV: 12    Int: 17    God:
Gold:   237        SH:  0    Dex: 12    Spells: 13/14 levels left

rFire   x . .        c - +3 whip (elec)
rCold   + . .        (no shield)
rNeg    + + +        a - +0 robe
rPois   ∞            h - +2 helmet
rElec   .            (no cloak)
rCorr   .            (no gloves)
SInv    .            (no boots)
Will    .....        (no amulet)
Stlth   +            (no ring)
HPRegen 0.25/turn    (no ring)
MPRegen 0.13/turn

%: faith
@: on fire, glowing
A: cold resistance 1, negative energy resistance 3, torment resistance 2, heat
vulnerability 1, in touch with death 1, no potions, faith
a: no special abilities


You were on level 3 of the Dungeon.
You visited 1 branch of the dungeon, and saw 3 of its levels.

You collected 237 gold pieces.

Inventory:

Hand Weapons
 c - a +3 whip of electrocution (weapon)
Armour
 a - a +0 robe (worn)
 h - a +2 helmet (worn)
Scrolls
 d - 2 scrolls of identify
 g - a scroll of fear


   Skills:
 - Level 1.5 Dodging
 - Level 1.5 Stealth
 - Level 5.0 Spellcasting
 + Level 6.0 Necromancy


You had 13 spell levels left.
You knew the following spells:

 Your Spells              Type           Power      Damage    Failure   Level
a - Necrotise             Necr           100%       1d9       1%          1

Your spell library contained the following spells:

 Spells                   Type           Power      Damage    Failure   Level
 Vampiric Draining        Necr           37%        2d8       3%          3
 Animate Dead             Necr           37%        N/A       12%         4
 Lesser Beckoning         Tloc           8%         N/A       22%         2
 Curse of Agony           Necr           37%        N/A       32%         5
 Gell's Gravitas          Tloc           4%         N/A       38%         3
 Teleport Other           Tloc           4%         N/A       38%         3


Dungeon Overview and Level Annotations

Branches:
Dungeon (3/15)

Altars:
Nemelex Xobeh

Shops:
D:2 =


Innate Abilities, Weirdness & Mutations

You are immune to poison.
Your flesh is cold resistant. (rC+)
You are immune to negative energy. (rN+++)
You are immune to unholy pain and torment.
You are vulnerable to heat. (rF-)
You are in touch with the powers of death.
You do not drink.
You have a special connection with the divine. (Faith)


Message History

There is an open door here.
You now have 229 gold pieces (gained 9).
You now have 237 gold pieces (gained 8).
You swap places.
There is an open door here.
You open the door.
A bombardier beetle comes into view.
Found a book of Blood.
There is an open door here.
You feel a surge of power!
The bombardier beetle barely resists.
You feel a surge of power!
The bombardier beetle barely resists.
The bombardier beetle sprays incendiary fluid at you.
The burning spray hits you.
You are covered in liquid fire!
You feel a surge of power!
The bombardier beetle writhes in agony!
The liquid fire burns you!
You feel a surge of power!
The bombardier beetle barely resists.
The liquid fire burns you!
You feel a surge of power!
The bombardier beetle writhes in agony.
The liquid fire burns you!
Your hobgoblin skeleton crumbles into dust!
You are too injured to fight recklessly!
You are too injured to fight recklessly!
You hit the bombardier beetle but do no damage.
The bombardier beetle is severely wounded.
The liquid fire burns you!
* * * LOW HITPOINT WARNING * * *
The bombardier beetle sprays incendiary fluid at you.
The burning spray hits you.
You are even more covered in liquid fire!
You barely miss the bombardier beetle.
The bombardier beetle is severely wounded.
The liquid fire burns you!
* * * LOW HITPOINT WARNING * * *
Unknown command.
You can't drink.
As you read the scroll of torment, it crumbles to dust.
You feel a surge of unholy energy.
The bombardier beetle convulses!
The liquid fire burns you!
You die...

########### ######
..## ##...## ##...##
...###.....###.....##
(...#.......#...:...#
....#.......#.......#
....#.......#.......#
...###.....###.....#
..## ##...## #.B.#
'#######'#######@###.#
.....................#
...[.................#
.....................#
'#######'#######+###.#
..## ##...## .#
...###.....## .
....#.[.....# #
....#.......#


You could see a bombardier beetle.

Vanquished Creatures
  The ghost of monsoonserge the Grasshopper, a weakling SpWr (D:3)
  Jessica (D:3)
  Natasha (D:3)
  8 adders
  3 dart slugs
  7 endoplasms
  2 giant cockroaches (D:2)
  2 goblins
  10 hobgoblins
  4 quokkas
  5 ball pythons
  2 bats
  4 frilled lizards
  7 kobolds
  6 rats
63 creatures vanquished.

Vanquished Creatures (collateral kills)
  A kobold (D:1)
  2 rats
3 creatures vanquished.

Grand Total: 66 creatures vanquished

Notes
Turn   | Place    | Note
-------+----------+-------------------------------------------
     0 | D:1      | horus123 the Mummy Necromancer began the quest for the Orb.
     0 | D:1      | Reached XP level 1. HP: 13/13 MP: 4/4
   134 | D:1      | Reached XP level 2. HP: 18/19 MP: 0/6
   826 | D:2      | Reached XP level 3. HP: 20/24 MP: 3/8
   883 | D:2      | Found Askaj's Jewellery Shoppe.
  1038 | D:2      | Reached skill level 5 in Spellcasting
  1298 | D:2      | Reached XP level 4. HP: 30/30 MP: 9/11
  2046 | D:3      | Found a sparkling altar of Nemelex Xobeh.
  2114 | D:3      | Found a runed translucent door.
  2134 | D:3      | Noticed monsoonserge's ghost (weakling SpWr)
  2202 | D:3      | Noticed Jessica
  2214 | D:3      | Killed Jessica
  2215 | D:3      | Reached skill level 5 in Necromancy
  2246 | D:3      | Reached XP level 5. HP: 28/35 MP: 5/12
  2261 | D:3      | Killed monsoonserge's ghost
  2404 | D:3      | Noticed Natasha
  2411 | D:3      | Killed Natasha
  2452 | D:3      | Reached skill level 6 in Necromancy
  2588 | D:3      | Incinerated by a bombardier beetle

Illustrated notes

Levels and vault maps discovered:
D:1:      shiori_arrival_maze, layout_rooms
D:2:      minmay_chambers_of_ones, layout_loops_ring, serial_shops,
          nicolae_shop_advertising_works [nicolae_subvault_shop_adworks]
D:3:      kennysheep_six_static_rooms, layout_loops_ring,
          nemelex_spade_bored_becter, marbit_many_paths, ebering_ghost_sewer_d,
          uniq_jessica, uniq_natasha

Skill      XL: |  1  2  3  4  5 |
---------------+----------------+-----
Spellcasting   | 3 4 5 |  5.0
Necromancy     | 5 6 |  6.0
Dodging        | |  1.5
Stealth        | |  1.5

Action                     |  1- 3 |  4- 6 || total
---------------------------+-------+-------++-------
  Melee: Unarmed           |     3 |       ||     3
         Whip              |     6 |    37 ||    43
   Cast: Necrotise         |    66 |    48 ||   114
    Use: Scroll            |       |    10 ||    10
 Armour: Robe              |    11 |    29 ||    40
  Dodge: Dodged            |    21 |    44 ||    65
